 Dungeon Crawl Stone Soup version bcrawl-1.31.3 (webtiles) character file.

Game seed: 8100305585198828935

181631 KristoblXynda the Slasher (level 6, 0/55 HPs)
             Began as a Draconian Gladiator on Apr 18, 2021.
             Succumbed to a kobold's poison
             ... in a sewer.
             The game lasted 00:05:34 (3005 turns).

KristoblXynda the Slasher (Draconian Gladiator)     Turns: 3005, Time: 00:05:35

Health: 0/55       AC: 14    Str: 22    XL:     6   Next: 25%
Magic:  6/6        EV: 13    Int:  9    God:
Gold:   165        SH:  1    Dex: 13    Spells: 5/5 levels left

rFire    + . .     SeeInvis .   a - +0 long sword
rCold    + . .     Gourm    +   (no shield)
rNeg     . . .     Faith    .   (armour unavailable)
rPois    +         Spirit   .   b - +1 hat
rElec    +         Reflect  .   g - +0 cloak
rCorr    +         Harm     .   k - +2 pair of gloves
MR       .....                  p - +0 pair of boots
Stlth    +.........             f - amulet of the gourmand
HPRegen  0.18/turn              s - +2 ring of protection
MPRegen  0.10/turn              (no ring)

@: mighty, lethally poisoned (0 -> -23), resistant, hasted, very quick
A: unfitting armour, cold-blooded, AC +6
a: no special abilities


You were in a sewer.
You were very full.

You visited 1 branch of the dungeon, and saw 4 of its levels.
You also visited: Sewer.

You collected 165 gold pieces.

Inventory:

Hand Weapons
 a - a +0 long sword (weapon)
Missiles
 c - 5 throwing nets (quivered) {=f}
Armour
 b - a +1 hat (worn)
 g - a +0 cloak (worn)
 k - a +2 pair of gloves (worn)
 p - a +0 pair of boots (worn)
Jewellery
 f - an amulet of the gourmand (around neck)
 s - a +2 ring of protection (left hand)
Scrolls
 i - 3 scrolls of identify
 l - 3 scrolls of remove curse
 m - a scroll of magic mapping
 r - a scroll of teleportation
 t - 2 scrolls of blinking
Potions
 h - a potion of haste
 j - 2 potions of lignification
Comestibles
 e - 8 rations {!d}
 n - a chunk of flesh


   Skills:
 + Level 4.8 Fighting
 * Level 5.3 Long Blades
 - Level 2.0 Throwing
 + Level 3.9 Dodging


You had 5 spell levels left.
You didn't know any spells.
Your spell library was empty.

Dungeon Overview and Level Annotations

Branches:
Dungeon (4/12)             Temple (0/1) D:4

Altars:
Dithmenos
The Shining One


Innate Abilities, Weirdness & Mutations

Your plain brown scales are hard. (AC +6)
You cannot fit into any form of body armour.
You are cold-blooded and may be slowed by cold attacks.


Message History

* * * LOW HITPOINT WARNING * * *
You feel sick. The kobold hits you but does no damage.
You slash the big kobold!
The big kobold is almost dead.
* * * LOW HITPOINT WARNING * * *
You feel sick. The kobold closely misses you.
The big kobold hits you but does no damage.
You closely miss the big kobold. You tail-slap the big kobold.
You kill the big kobold!
You hear a splash.
* * * LOW HITPOINT WARNING * * *
You feel sick. The kobold hits you but does no damage.
The kobold closely misses you.
You have reached level 6!
Your experience leads to an increase in your attributes!
Your base attributes are Str 16, Int 9, Dex 13.
Increase (S)trength, (I)ntelligence, or (D)exterity?
You feel stronger.
Your scales feel tougher.
You barely miss the kobold.
You die...

###############≈≈≈≈≈≈.#
≈≈≈≈≈≈≈≈≈≈≈≈≈≈≈≈≈≈≈≈..#
###############≈.≈≈≈..#
#≈≈≈≈≈≈.# #.≈≈≈≈≈.#
#.≈≈≈≈≈≈# #.≈≈≈≈≈.#
#K≈≈≈≈≈≈# #≈@)≈≈≈.#
#..K.≈..# ####.#### ...
.... ..## ..# ..


You could see 2 kobolds.

Vanquished Creatures
  Purgy (D:3)
  A big kobold (Sewer)
  Natasha (D:3)
  Robin (D:3)
  4 adders (D:3)
  A river rat (Sewer)
  2 worms
  2 dart slugs (D:3)
  3 leopard geckos
  3 orcs
  A ball python (D:2)
  2 giant cockroaches
  12 goblins
  12 hobgoblins
  4 jackals
  8 kobolds
  2 bats (D:1)
  4 frilled lizards
  8 rats
72 creatures vanquished.

Notes
Turn   | Place    | Note
-------+----------+-------------------------------------------
     0 | D:1      | KristoblXynda the Draconian Gladiator began the quest for
                  | the Orb.
     0 | D:1      | Reached XP level 1. HP: 19/19 MP: 1/1
   408 | D:1      | Reached XP level 2. HP: 26/26 MP: 2/2
  1260 | D:2      | Reached XP level 3. HP: 27/33 MP: 3/3
  1544 | D:2      | Found a glowing golden altar of the Shining One.
  1938 | D:3      | Reached skill level 4 in Long Blades
  1938 | D:3      | Reached XP level 4. HP: 29/40 MP: 4/4
  1986 | D:3      | Noticed Natasha
  1996 | D:3      | Killed Natasha
  2003 | D:3      | Noticed Purgy
  2037 | D:3      | Killed Purgy
  2038 | D:3      | Reached XP level 5. HP: 41/47 MP: 5/5
  2143 | D:3      | Noticed Robin
  2162 | D:3      | Killed Robin
  2351 | D:3      | Found a shadowy altar of Dithmenos.
  2649 | D:3      | Reached skill level 5 in Long Blades
  2895 | D:4      | Found a glowing drain.
  2911 | Sewer    | Entered a sewer
  3003 | Sewer    | HP: 2/47 [poisoned by a kobold]
  3005 | Sewer    | Reached XP level 6. HP: 2/55 MP: 6/6
  3005 | Sewer    | Succumbed to a kobold's poison

Skill      XL: |  1  2  3  4  5 |
---------------+----------------+-----
Throwing       | 2 |  2.0
Dodging        | 3 |  3.9
Long Blades    | 4 5 |  5.3
Fighting       | 4 |  4.8

Action                   |  1- 3 |  4- 6 || total
-------------------------+-------+-------++-------
Melee: Long sword        |   131 |   128 ||   259
       Tailslap          |    21 |     8 ||    29
  Use: Scroll            |     7 |     4 ||    11
       Potion            |       |     5 ||     5
 Stab: Sleeping          |     2 |       ||     2
  Eat: Chunk             |    18 |     7 ||    25
Armor: Skin              |    47 |   102 ||   149
Dodge: Dodged            |    80 |    90 ||   170
Block: Other             |     2 |     3 ||     5
